AoeStats
← blueshell

Runestones

508120831Analyzed
1v1 RM · 12d ago on Sep 21, 2026· 47m 32s· 2 players
Game mode
Random Map
Map size
Tiny (2 player)
Population
200
Speed
Normal
Resources
Standard
Victory
Conquest
Starting age
Dark Age
Ending age
Imperial Age
RankedLock teamsTeams togetherTeam positionsShared explorationLock speedFull tech treeHidden civsTurbo modeCheats
Victory
Defeat
🇺🇸 Koreans · United States
735
+15
🇧🇷 Franks · Brazil
713
-15
alexismyaccuzzi
1:33 Loom
11:17 Feudal Age
12:35 Double-Bit Axe
13:58 Man-at-Arms
18:55 Castle Age
25:25 Scale Barding Armor
45:21 Town Watch
blueshell
11:20 Feudal Age
12:07 Stone Mining
12:04 Double-Bit Axe
13:18 Fletching
14:55 Wheelbarrow
16:52 Town Watch
16:54 Loom
26:11 Castle Age
27:43 Hand Cart
28:43 Thumb Ring
29:03 Bow Saw
33:57 Crossbowman
34:41 Bodkin Arrow
43:59 Man-at-Arms
44:28 Gambesons
44:43 Squires
45:15 Forging
45:05 Scale Mail Armor
45:16 Long Swordsman
Connection lost

Rejoining the realm…

Still unreachable

The connection could not be restored.

Session expired

The server has moved on; the page needs a fresh start.